 Dungeon Crawl Stone Soup version 0.22.1-2-g9c5b331 (webtiles) character file.

1120 wito the Slasher (level 8, -13/78 HPs)
             Began as a Troll Fighter on Jan 4, 2019.
             Was a Follower of Makhleb.
             Mangled by an orc warrior
             ... wielding a +2 halberd of protection
              (25 damage)
             ... on level 6 of the Dungeon.
             The game lasted 01:09:14 (5956 turns).

wito the Slasher (Troll Fighter)                    Turns: 5956, Time: 01:09:15

Health: -13/78     AC:  5    Str: 23 (26) XL:     8   Next: 12%
Magic:  0/7        EV:  9    Int:  0 (2)  God:    Makhleb [*.....]
Gold:   324        SH: 10    Dex:  8 (10) Spells: 7/7 levels left

rFire    . . .     SeeInvis .   z - -2 spear (curse)
rCold    . . .     Gourm    +   c - +1 shield
rNeg     . . .     Faith    .   e - +0 robe
rPois    .         Spirit   +   (helmet restricted)
rElec    .         Reflect  .   (no cloak)
rCorr    .         Harm     .   (gloves unavailable)
MR       .....                  (boots unavailable)
Stlth    +.........             o - amulet of guardian spirit
HPRegen  0.63/turn              (no ring)
MPRegen  0.10/turn              (no ring)

@: slowed, lost intelligence, very slow
A: large, unfitting armour, antennae 1, claws 3, deformed body, dopey 1, fast
metabolism 3, gourmand, regeneration 1, shaggy fur 2, tough skin 2
a: Renounce Religion


You were on level 6 of the Dungeon.
You worshipped Makhleb.
Makhleb was aware of your devotion.
You were not hungry.

You visited 2 branches of the dungeon, and saw 7 of its levels.

You collected 324 gold pieces.

Inventory:

Hand Weapons
 a - a +0 long sword
 x - a +0 giant club
 z - a cursed -2 spear (weapon)
Missiles
 k - 230 stones
 m - 36 poisoned needles
 p - a throwing net (quivered)
Armour
 c - a +1 shield (worn)
 e - a +0 robe (worn)
 f - a +0 ring mail
 j - a +0 scale mail
 t - a +0 chain mail
 w - a +0 leather armour
Magical Staves
 y - an uncursed staff of poison {unknown}
Jewellery
 o - an amulet of guardian spirit (around neck)
 v - a +5 amulet of reflection {unknown}
Scrolls
 n - a scroll of enchant armour
 r - a scroll of immolation
 s - 3 scrolls of teleportation
Potions
 b - 2 potions of brilliance
 d - 3 potions of might
 g - 2 potions of magic
 h - 2 potions of flight
 i - a potion of agility
Comestibles
 l - 7 rations
 q - 2 chunks of flesh


   Skills:
 + Level 3.8 Fighting
   Level 0.4(3.0) Short Blades
 + Level 4.8(4.9) Long Blades
 + Level 0.1 Throwing
 + Level 4.3 Dodging
 + Level 0.8 Stealth
 + Level 4.7 Shields


You had 7 spell levels left.
You didn't know any spells.
Your spell library contained the following spells:

 Spells                   Type           Power        Failure   Level  Hunger
 Magic Dart               Conj           #...         88%         1    ##.....
 Blink                    Tloc           N/A          95%         2    ###....
 Call Imp                 Summ           #.......     95%         2    ###....
 Slow                     Hex            #.......     95%         2    ###....
 Conjure Flame            Conj/Fire      #.......     99%         3    ####...
 Mephitic Cloud           Conj/Pois/Air  #.......     99%         3    ####...


Dungeon Overview and Level Annotations

Branches:
Dungeon (6/15)             Temple (1/1) D:4

Altars:
Ashenzari
Cheibriados
Dithmenos
Elyvilon
Fedhas
Hepliaklqana
Kikubaaqudgha
Makhleb
Nemelex Xobeh
Okawaru
Qazlal
Ru
Uskayaw
Vehumet
Xom
Yredelemnul
Zin
The Shining One

Shops:
D:4 (


Innate Abilities, Weirdness & Mutations

You are too large for most types of armour.
You have claws for hands.
Your metabolism is lightning-fast.
You like to eat raw meat.
Your natural rate of healing is unusually fast.
You are covered in thick fur. (AC +2)
You have very tough skin. (AC +2)
You have a pair of small antennae on your head.
Armour fits poorly on your strangely shaped body.
You are dopey. (Int -2)


Message History

The orc warrior hits you from afar with a halberd of protection!
The orc closely misses you. You block the orc's attack.
You hit the orc.
The orc is almost dead.
You block the orc warrior's attack. The orc hits you with a short sword.
* * * LOW HITPOINT WARNING * * *
The orc hits you but does no damage.
You hit the orc.
You kill the orc!
Makhleb accepts your kill. The orc warrior barely misses you.
You block the orc's attack. The orc hits you but does no damage.
The orc warrior hits you from afar with a halberd of protection!
* * * LOW HITPOINT WARNING * * *
You block the orc's attack.
You almost manage to decipher the scroll, but fail in this attempt.
The orc barely misses you.
The orc warrior hits you from afar with a halberd of protection!!
You die...
Xom howls with laughter!

#.........##...#o..#
................##..#
..##.....##.....##?.#
.###..#..###....+...#
.##..###.)##....# ..+
.....###........###o#
......#.........##..#
####.....####...o#o.#
###....).#...@o..##
#......#...##...#
#......#...##...#
#......###'##...+
#...........#..>#
#...........#...#
######...........#####
#................#
#................#


You could see an orc warrior and 2 orcs.

Vanquished Creatures
  An ogre (D:2)
  2 centaurs (D:5)
  Blork the orc (D:5)
  2 big kobolds (D:3)
  A bullfrog (D:6)
  A howler monkey (D:4)
  2 crimson imps (D:5)
  2 orc priests (D:5)
  2 orc wizards
  2 iguanas (D:5)
  Natasha (D:4)
  A statue (D:4)
  7 gnolls (D:3)
  6 adders
  An ooze (D:2)
  4 worms
  3 dart slugs
  2 leopard geckos
  12 orcs
  2 giant cockroaches
  5 goblins
  8 hobgoblins
  11 jackals
  2 ball pythons (D:2)
  4 bats
  7 frilled lizards
  A jackal zombie (D:6)
  9 kobolds
  A leopard gecko zombie (D:5)
  A quokka skeleton (D:4)
  8 rats
  8 plants
120 creatures vanquished.

Vanquished Creatures (collateral kills)
  An ogre (D:6)
  2 goblins (D:6)
3 creatures vanquished.

Grand Total: 123 creatures vanquished

Notes
Turn   | Place    | Note
-------+----------+-------------------------------------------
     0 | D:1      | wito the Troll Fighter began the quest for the Orb.
     0 | D:1      | Reached XP level 1. HP: 22/22 MP: 0/0
   308 | D:1      | Reached XP level 2. HP: 19/29 MP: 1/1
  1251 | D:2      | Reached XP level 3. HP: 32/36 MP: 2/2
  1733 | D:2      | Reached XP level 4. HP: 42/44 MP: 3/3
  1788 | D:2      | Noticed an ogre
  1798 | D:2      | Killed an ogre
  1798 | D:2      | Reached XP level 5. HP: 16/52 MP: 4/4
  1897 | D:2      | Found a sacrificial altar of Ru.
  2079 | D:2      | Found a sparkling altar of Nemelex Xobeh.
  2440 | D:3      | Reached XP level 6. HP: 34/61 MP: 3/5
  2624 | D:3      | Found a snail-covered altar of Cheibriados.
  2819 | D:3      | Gained mutation: You are covered in thick fur. (AC +2)
                  | [potion of mutation]
  2819 | D:3      | Gained mutation: Your spells are a little easier to cast,
                  | but a little less powerful. [potion of mutation]
  2819 | D:3      | Gained mutation: You have a pair of small antennae on your
                  | head. [potion of mutation]
  3477 | D:3      | Found a shimmering altar of Xom.
  3497 | D:3      | Found a bloodstained altar of Trog.
  3497 | D:3      | Found a hazy altar of Hepliaklqana.
  3499 | D:3      | Found an opulent altar of Gozag.
  3499 | D:3      | Found a deep blue altar of Sif Muna.
  3499 | D:3      | Found an ornate altar of the Wu Jian Council.
  3545 | D:3      | Became a worshipper of Xom of Chaos
  3697 | D:4      | Found a radiant altar of Vehumet.
  3841 | D:4      | XOM: harmless Necr miscast
  4142 | D:4      | Found a staircase to the Ecumenical Temple.
  4157 | Temple   | Entered the Ecumenical Temple
  4213 | Temple   | Fell from the grace of Xom
  4213 | Temple   | Became a worshipper of Makhleb the Destroyer
  4374 | D:4      | Found Kiutset's Weapon Shoppe.
  4379 | D:4      | Reached XP level 7. HP: 50/67 MP: 6/6
  4421 | D:4      | Found an ancient bone altar of Kikubaaqudgha.
  4567 | D:4      | Noticed Natasha
  4580 | D:4      | Killed Natasha
  4688 | D:5      | Entered Level 5 of the Dungeon
  4688 | D:5      | Noticed Blork the orc
  4702 | D:5      | Killed Blork the orc
  4802 | D:5      | XOM: god gift: glowing rapier {god gift}
  4904 | D:5      | XOM: medium Erth miscast
  5233 | D:5      | XOM: 1-stop teleportation journey
  5401 | D:5      | Found a stormy altar of Qazlal.
  5655 | D:5      | XOM: give mutations
  5655 | D:5      | Gained mutation: Armour fits poorly on your strangely
                  | shaped body. [Xom's mischief]
  5655 | D:5      | Lost mutation: Your spells are a little easier to cast, but
                  | a little less powerful. [Xom's mischief]
  5655 | D:5      | Gained mutation: You are dopey. (Int -2) [Xom's mischief]
  5759 | D:6      | Found a shadowy altar of Dithmenos.
  5780 | D:6      | Reached XP level 8. HP: 67/78 MP: 3/7
  5852 | D:6      | Lost intelligence.
  5868 | D:6      | Found an iron altar of Okawaru.
  5873 | D:6      | Reached * piety under Makhleb
  5956 | D:6      | Mangled by an orc warrior

Skill      XL: |  1  2  3  4  5  6  7 |
---------------+----------------------+-----
Long Blades    | 2 3 4 |  4.8
Dodging        | 3 4 |  4.3
Shields        | 3 4 |  4.7
Fighting       | 3 |  3.8
Short Blades   | |  0.4
Throwing       | |  0.1
Stealth        | |  0.8

Action                   |  1- 3 |  4- 6 |  7- 9 || total
-------------------------+-------+-------+-------++-------
Melee: Long sword        |   289 |   274 |    75 ||   638
       Rapier            |       |       |    49 ||    49
       Spear             |       |       |    19 ||    19
Throw: Stone             |       |     9 |       ||     9
  Use: Potion            |       |     6 |     5 ||    11
       Scroll            |       |     6 |     5 ||    11
 Stab: Sleeping          |       |     1 |       ||     1
  Eat: Chunk             |    11 |    26 |     9 ||    46
       Ration            |     2 |     1 |       ||     3
Armor: Robe              |    65 |    61 |    23 ||   149
       Skin              |       |     8 |       ||     8
Dodge: Dodged            |    69 |    66 |    53 ||   188
Block: Shield            |    79 |   130 |    78 ||   287
       Rpst.: Long sword |    18 |    19 |    11 ||    48
